Map: Bridgehead LE (Void)

Players

BpManiac

  • Race: Protoss Protoss
  • League: Bronze

wabbajack - Winner!

  • Race: Zerg Zerg
  • League: Gold

VOD

Have the link to the VOD?

Description

Time

  • Played on: July 19, 2015, 10:50 p.m.
  • Length: 4:41
Show
View Real Time Build Order
Export as new Build Order

BpManiac Protoss 

Build Orders: Oracle Opening 

Get SALT Encoding   

  12  0:03  Probe  
  13  0:15  Probe  
  14  0:24  Pylon  
  14  0:42  Probe (Chrono Boost)  
  15  0:48  Assimilator  
  15  0:52  Assimilator  
  15  0:53  Probe (Chrono Boost)  
  15  0:56  Pylon  
  16  0:59  Probe (Chrono Boost)  
  17  1:11  Probe (Chrono Boost)  
  18  1:20  Probe (Chrono Boost)  
  18  1:24  Gateway  
  19  1:28  Probe  
  20  1:40  Probe  
  21  1:49  Nexus  
  21  1:53  Probe  
  22  2:00  Pylon  
  22  2:05  Probe  
  23  2:17  Probe  
  23  2:18  Cybernetics Core  
  24  2:29  Probe (Chrono Boost)  
  25  2:41  Gateway, Probe (Chrono Boost)  
  26  2:47  Pylon  
  26  2:48  Probe (Chrono Boost)  
  28  2:58  Probe (Chrono Boost)  
  28  3:09  Mothership Core (Chrono Boost), Stargate  
  30  3:13  Stalker  
  32  3:24  Probe  
  32  3:26  Probe  
  34  3:37  Probe  
  34  3:38  Probe, Assimilator  
  34  3:40  Assimilator  
  36  3:47  Sentry x2  
  40  3:50  Probe  
  41  3:56  Oracle (Chrono Boost)  
  41  4:02  Probe  
  45  4:15  Probe  
  50  4:21  Probe  
  51  4:27  Probe  
Show
View Real Time Build Order
Export as new Build Order

wabbajack Zerg - Winner!

Build Orders: Hatch First 

Get SALT Encoding   

  12  0:01  Drone  
  13  0:13  Overlord  
  13  0:19  Drone  
  14  0:23  Extractor  
  14  0:25  Drone  
  15  0:33  Drone  
  16  0:35  Drone  
  17  0:59  Hatchery  
  17  1:02  Drone x2  
  18  1:09  Extractor  
  18  1:10  Drone  
  18  1:26  Spawning Pool  
  18  1:28  Drone  
  18  1:29  Drone, Extractor  
  18  1:45  Drone  
  19  1:53  Drone  
  20  2:02  Drone  
  21  2:11  Drone  
  21  2:13  Drone  
  21  2:15  Queen  
  25  2:18  Pneumatized Carapace  
  25  2:21  Metabolic Boost  
  25  2:32  Baneling Nest  
  25  2:33  Overlord  
  24  2:42  Drone x2  
  24  2:43  Drone  
  28  2:51  Drone  
  28  2:54  Zergling x4  
  30  3:02  Queen  
  30  3:05  Zergling x2  
  33  3:06  Zergling x2  
  33  3:11  Overlord  
  34  3:38  Drone  
  34  3:39  Drone x8  
  43  3:48  Baneling x5  
  43  3:49  Baneling x3  
  43  3:54  Overlord  
  43  3:58  Extractor  
  42  4:22  Hatchery  
Tags
 
Add a new tag
Caveats
  • Supply blocks, unpowered buildings, or Contaminate may cause inaccurate times.
  • Supply counts are checked every 10 seconds.